 Dungeon Crawl Stone Soup version 0.31.0-9-g3a7656b989 (webtiles) character file.

Game seed: 3123999249092421121

2540658 browni3141 the Slime Creature (level 21, 153/171 (174) HPs)
             Began as a Merfolk Air Elementalist on Jan 24, 2024.
             Was a Priest of Jiyva.
             Escaped with the Orb
             ... and 3 runes
             ... and 5 gems!
             The game lasted 02:25:28 (39081 turns).

browni3141 the Slime Creature (MfAE)               Turns: 39081, Time: 02:25:28

HP:   153/171 (174) AC: 31    Str:  9 (16) XL:     21   Next: 59%
MP:   40/43         EV: 10    Int: 15 (21) God:    Jiyva [***...]
Gold: 716           SH: 11    Dex:  8 (16) Spells: 29/44 levels left

rFire   . . .        I - +18 lance "Wyrmbane" {slay drac, rPois rF+ rC+ AC+3}
rCold   + + .        P - +0 kite shield
rNeg    . . .        B - +0 storm dragon scales
rPois   +            l - +3 hat of Pondering {ponderous, Will+ MP+10 Int+5}
rElec   +            f - +2 cloak "Geeps" {Regen+}
rCorr   +            j - +2 pair of gloves
SInv    .            a - +1 pair of boots
Will    +++..        o - amulet of guardian spirit
Stlth   +            U - ring of Gilamaell {rC+ EV+5 Stlth+}
HPRegen 2.40/turn    S - ring of willpower
MPRegen 0.84/turn

%: random rage (3%), guardian spirit
@: lightly drained, slow
A: (nimble swimmer 2), mertail, horns 2, berserk 1, low MP 1, robust 1,
inhibited regeneration, heat vulnerability 1, inability to drink after injury 1
0: Orb of Zot
}: 3/15 runes: serpentine, barnacled, slimy
a: Renounce Religion, Oozemancy


You escaped.
You worshipped Jiyva.
Jiyva was most pleased with you.
You visited 9 branches of the dungeon, and saw 45 of its levels.
You also visited: Ice Cave and Volcano.

You collected 2875 gold pieces.
You spent 2159 gold pieces at shops.

Inventory:

Hand Weapons
 I - the +18 lance "Wyrmbane" (weapon) {slay drac, rPois rF+ rC+ AC+3}
   (You took it off Maggie on level 6 of the Dungeon)

   AC+3:      It affects your AC (+3).
   rF+:       It protects you from fire.
   rC+:       It protects you from cold.
   rPois:     It protects you from poison
Missiles
 J - 3 darts of dispersal
 Z - 4 throwing nets
Armour
 a - a +1 pair of boots (worn)
 f - the +2 cloak "Geeps" (worn) {Regen+}
   (You acquired it on level 13 of the Dungeon)

   Regen+:    It increases your rate of health regeneration.
 j - a +2 pair of gloves (worn)
 k - the +6 chain mail "Irriceze" {rPois Dex+3 SInv}
   (You found it on level 2 of the Shoals)

   Dex+3:     It affects your dexterity (+3).
   rPois:     It protects you from poison SInv: It lets you see invisible.
 l - the +3 hat of Pondering (worn) {ponderous, Will+ MP+10 Int+5}
   (You took it off Gastronok on level 1 of the Orcish Mines)

   Int+5:     It affects your intelligence (+5).
   Will+:     It increases your willpower.
   MP+10:     It affects your magic capacity (+10).
 B - +0 storm dragon scales (worn)
 P - a +0 kite shield (worn)
Jewellery
 g - an amulet of the acrobat
 o - an amulet of guardian spirit (around neck)
 S - a ring of willpower (right hand)
 U - the ring of Gilamaell (left hand) {rC+ EV+5 Stlth+}
   (You found it on level 5 of the Pits of Slime)

   [ring of evasion]

   EV+5:      It affects your evasion (+5).
   rC+:       It protects you from cold.
   Stlth+:    It makes you more stealthy.
Wands
 p - a wand of polymorph (7)
 u - a wand of digging (8)
 y - a wand of roots (2)
 A - a wand of light (4)
Scrolls
 b - 5 scrolls of fear
 r - a scroll of identify
 v - a scroll of blinking
 w - 2 scrolls of poison
 z - 2 scrolls of enchant armour
 F - 2 scrolls of fog
 G - 4 scrolls of teleportation
 K - a scroll of immolation
 N - 2 scrolls of amnesia
 O - a scroll of butterflies
 R - 5 scrolls of enchant weapon
 X - 4 scrolls of brand weapon
 Y - a scroll of vulnerability
Potions
 d - a potion of berserk rage {unknown}
 i - a potion of invisibility
 m - 4 potions of magic
 q - 6 potions of attraction
 s - a potion of enlightenment
 C - 6 potions of curing
 D - a potion of brilliance {unknown}
 H - 2 potions of heal wounds
 M - 3 potions of might
 Q - a potion of lignification {unknown}
 T - a potion of resistance
 W - 4 potions of degeneration
Miscellaneous
 e - a phial of floods (inert)
 t - a sack of spiders (inert)
 x - a tin of tremorstones (2/2)
 V - a lightning rod (4/4)


   Skills:
 - Level 12.0 Fighting
 - Level 3.0 Short Blades
 - Level 12.0 Polearms
 - Level 1.0 Ranged Weapons
 - Level 12.0 Armour
 - Level 12.0 Dodging
 - Level 12.0 Stealth
 - Level 12.0 Shields
 - Level 12.0 Spellcasting
 * Level 3.3 Conjurations
 - Level 12.0 Translocations
 - Level 12.0 Air Magic
 + Level 12.1 Invocations
 - Level 12.0 Evocations


You had 29 spell levels left.
You knew the following spells:

 Your Spells              Type           Power      Damage    Failure   Level
a - Shock                 Conj/Air       100%       1d9       32%         1
b - Airstrike             Air            22%        2d(4-20)  50%         4
d - Static Discharge      Conj/Air       64%        3-6/arc   45%         2
l - Lesser Beckoning      Tloc           90%        N/A       9%          2
w - Swiftness             Air            45%        N/A       17%         3
A - Apportation           Tloc           90%        N/A       5%          1
B - Blink                 Tloc           90%        N/A       9%          2

Your spell library contained the following spells:

 Spells                   Type           Power      Damage    Failure   Level
 Gell's Gravitas          Tloc           45%        N/A       17%         3
 Teleport Other           Tloc           45%        N/A       17%         3
 Momentum Strike          Conj/Tloc      64%        3d9       45%         2
 Cigotuvi's Dreadful Rot  Necr/Alch/Air  42%        N/A       92%         2
 Mephitic Cloud           Conj/Alch/Air  24%        N/A       96%         3
 Ensorcelled Hibernation  Hex/Ice        18%        N/A       100%        2
 Jinxbite                 Hex            18%        N/A       100%        2
 Sublimation of Blood     Necr           9%         N/A       100%        2
 Fugue of the Fallen      Necr           9%         N/A       100%        3
 Sigil of Binding         Hex            9%         N/A       100%        3
 Anguish                  Hex/Necr       4%         N/A       100%        4
 Animate Dead             Necr           9%         N/A       100%        4
 Dimensional Bullseye     Hex/Tloc       13%        N/A       100%        4
 Dispel Undead            Necr           9%         3d8       100%        4
 Fulminant Prism          Conj/Alch      7%         3d6       100%        4
 Ignite Poison            Fire/Alch      9%         N/A       100%        4
 Leda's Liquefaction      Alch/Erth      4%         N/A       100%        4
 Martyr's Knell           Necr/Summ      9%         N/A       100%        4
 Petrify                  Alch/Erth      9%         N/A       100%        4
 Sticky Flame             Fire/Alch      9%         2d5       100%        4
 Alistair's Intoxication  Alch           6%         N/A       100%        5
 Curse of Agony           Necr           9%         N/A       100%        5
 Fireball                 Conj/Fire      7%         3d5       100%        5
 Freezing Cloud           Conj/Ice/Air   12%        6-21      100%        5
 Irradiate                Conj/Alch      7%         3d14      100%        5
 Summon Forest            Summ/Tloc      13%        N/A       100%        5
 Summon Mana Viper        Hex/Summ       9%         N/A       100%        5
 Yara's Violent Unravell  Hex/Alch       4%         3d4       100%        5
 Death Channel            Necr           4%         N/A       100%        6
 Dispersal                Tloc           22%        N/A       100%        6
 Plasma Beam              Fire/Air       13%        2x1d24    100%        6
 Starburst                Conj/Fire      7%         6d4       100%        6
 Summon Cactus Giant      Summ           4%         N/A       100%        6
 Haunt                    Necr/Summ      4%         N/A       100%        7
 Infestation              Necr           4%         N/A       100%        8
 Lehudib's Crystal Spear  Conj/Erth      7%         10d3      100%        8


Dungeon Overview and Level Annotations

Branches:
Dungeon (15/15)            Temple (1/1) D:7            Lair (5/5) D:8
 Shoals (4/4) Lair:3        Snake (4/4) Lair:2        Slime (5/5) Lair:4
    Orc (2/2) D:10            Elf (0/3) Orc:2        Vaults (0/5) D:13
 Depths (4/4) D:15            Zot (5/5) Depths:4      IceCv (visited)
Volcano (visited)

Altars:
Ashenzari
Cheibriados
Dithmenos
Elyvilon
Fedhas
Gozag
Hepliaklqana
Kikubaaqudgha
Makhleb
Nemelex Xobeh
Okawaru
Qazlal
Ru
Sif Muna
Trog
Uskayaw
Vehumet
Wu Jian
Xom
Yredelemnul
Zin
The Shining One
Jiyva

Shops:
D:13 !:(:!   Orc:2 [[([   Shoals:3 [   Snake:1 [   Depths:2 :=:

Portals:
Hell: Depths:1 Depths:2
Pandemonium: Depths:2
Ziggurat: Depths:1

Annotations:
Slime:5 Royal Jelly
Depths:1 exclusions: angel, daeva, hell hog, hell knight and 4 more exclusions
Depths:4 Vv
Zot:3 exclusions: draconian scorcher and 3 more exclusions
Zot:4 Tiamat


Innate Abilities, Weirdness & Mutations

((You are very nimble when in or above water. (Stealth+, EV+, Speed+++)))
Your lower body shifts to a powerful aquatic tail in water.
You have a pair of horns on your head.
You sometimes lose your temper in combat.
Your magical capacity is low. (-10% MP)
You are robust. (+10% HP)
You do not regenerate when monsters are visible.
You are vulnerable to heat. (rF-)
You occasionally lose the ability to drink potions when taking damage.


Message History

You feel very sick.
There is a stone staircase leading down here.
You feel better.
A red devil comes into view. It is wielding a +2 trident of venom.
You recover from your berserk rage.
Unknown command.
A red devil is nearby!
There is a stone staircase leading up here.
The red devil is no longer covered in acid.
You climb upwards.
There is a stone staircase leading down here.
Aiming: Dig
Press: ? - help, Shift-Dir - straight line A rock wall.
This square is covered in magical glow.
The rock shatters into small pieces.
You swap places.
There is a stone staircase leading up here.
You climb upwards.
There is a stone staircase leading down here.
Aiming: Dig
Press: ? - help, Shift-Dir - straight line The rock shatters into small pieces.
There is a stone staircase leading up here.
You climb upwards.
There is a stone staircase leading down here.
You see here a +0 whip.
You see here a +0 robe.
There is a stone staircase leading up here.
You climb upwards.
You hear a distant slurping noise.
There is a stone staircase leading down here.
Unknown command.
You hear a distant slurping noise.
There is a stone staircase leading up here.
You climb upwards.
There is a stone staircase leading down here.
A green death comes into view.
The green death moves out of view.
A Sauruong and a rust devil come into view.
The rust devil screeches!
Press: ? - help, v - describe, . - travel
Here: Sauruong, armed with a chaotic touch The floor.
You hear a distant slurping noise.
The green death gestures at you. The bolt of poison misses you.
The green death gestures at you. The blast of poison engulfs you. You resist.
The green death gestures at you. The poison arrow hits you.
You are poisoned.
You partially resist.
You feel very sick.
You feel sick.
You feel sick.
You feel sick.
You feel sick.
You feel sick.
You feel sick.
You feel sick.
You are no longer poisoned.
There is a stone staircase leading up here.
You climb upwards.
There is a stone staircase leading down here.
Unknown command.
There is a stone staircase leading up here.
You climb upwards.
There is a stone staircase leading down here.
Unknown command.
Unknown command.
You swap places.
There is a stone staircase leading up here.
As you read the scroll of teleportation, it crumbles to dust.
You feel strangely unstable.
You feel the Orb delaying your translocation!
You climb upwards.
There is a stone staircase leading down here.
A demonspawn black sun comes into view. It is wielding a +0 glaive.
The demonspawn black sun shouts!
There is an open door here.
The demonspawn black sun calls down the wrath of Kikubaaqudgha upon you.
The bolt of negative energy hits you!
You feel drained.
Your surroundings suddenly seem different.
HP restored.
There is a stone staircase leading up here.
You climb upwards.
There is a stone staircase leading down here.
As you read the scroll of teleportation, it crumbles to dust.
You feel strangely unstable.
You feel the Orb delaying your translocation!
A Hell Sentinel comes into view.
There is a stone staircase leading down here.
The Hell Sentinel gestures at you.
The sphere of damnation explodes!
The damnation engulfs you!!!
Your surroundings suddenly seem different.
Blink to where?
Press: ? - help, Dir - move target
As you read the scroll of blinking, it crumbles to dust.
You have escaped!

#...##.# #####.#~~~#...#.. ###
#...##.# #.......~##...#.. ..#
#...##.# #.......~#....#..
..####...##.#####.......##....#..
..'..'...+....................#..
..####...##..≈≈≈≈≈≈≈..####.#.....
..# #...#..≈≈...♣.≈≈.........#..
..# #.....≈≈.......≈≈.....####.#
### ####.≈≈..8.@..♣.≈≈.........#
#..≈........8..≈.....#####
#..≈§....♣.....≈...>......
#..≈≈.........≈≈.....#.###
#...≈≈..8..♣.≈≈......#....
#....≈≈♣....≈≈............
##....≈≈≈.≈≈≈...#..#.#.#.#
##............#.....#.#.#
#.................#.#.###


There were no monsters in sight!

Vanquished Creatures
  3 dread liches
  2 ancient liches (Zot:5)
  3 orbs of fire (Zot:5)
  6 Killer Klowns (Zot:5)
  3 golden dragons
  2 electric golems (Zot:5)
  5 tentacled monstrosities
  Rupert (D:15)
  A lich (Depths:2)
  4 krakens (Shoals:3)
  10 Orb Guardians
  A quicksilver dragon (Zot:4)
  Polyphemus (Shoals:3)
  2 sphinxes (Depths:2)
  6 death cobs
  Gastronok (Orc:1)
  2 shadow dragons
  Agnes (Snake:4)
  8 storm dragons
  2 fire giants
  Ilsuiw (Shoals:3)
  Aizul (Snake:4)
  7 nagarajas (Snake:4)
  5 draconian monks
  A frost giant (IceCv)
  2 draconian knights
  A balrug (Depths:1)
  A draconian shifter (Zot:5)
  A ghost moth (Zot:5)
  A juggernaut zombie (Depths:1)
  2 draconian stormcallers (Zot:1)
  A draconian scorcher (Zot:1)
  3 stone giants
  6 spectral caustic shrikes
  2 draconian annihilators
  A vampire knight (Depths:3)
  3 green draconians
  6 black draconians
  4 red draconians
  8 yellow draconians
  4 purple draconians
  3 white draconians
  4 spark wasps (Depths:2)
  3 fire dragons
  3 ettins
  8 merfolk javelineers (Shoals:4)
  5 merfolk impalers
  3 spectral golden dragons (Depths:3)
  A vault guard (D:13)
  2 rakshasas
  4 hydras
  A spectral shadow dragon (Depths:3)
  5 merfolk avatars
  A spectral tengu (Depths:3)
  3 ice dragons
  A death knight (D:15)
  2 spriggan air magi
  5 anacondas
  3 catoblepae
  2 ogre magi
  8 centaur warriors
  9 merfolk aquamancers
  3 boulder beetles
  8 naga warriors
  A spectral frost giant (Depths:3)
  3 alligator snapping turtles
  4 satyrs
  14 two-headed ogres
  2 deep troll earth magi
  A vampire mage (Depths:3)
  11 tengu warriors
  A spectral storm dragon (Depths:3)
  22 death yaks
  3 orc high priests (Orc:2)
  A spriggan berserker (Depths:1)
  6 naga sharpshooters
  3 soul eaters (Depths:1)
  A shock serpent (Snake:4)
  3 sun demons (Depths:1)
  2 iron trolls (Depths:1)
  2 fire crabs (Shoals:2)
  6 skysharks
  13 sea snakes
  A spectral spark wasp (Depths:3)
  2 skeletal warriors
  A quicksilver dragon simulacrum (Depths:1)
  3 salamander mystics
  2 naga ritualists (Snake:4)
  2 deep trolls
  3 flayed ghosts
  3 orc knights (Orc:2)
  5 mana vipers (Snake:4)
  13 harpies
  A deep elf pyromancer (D:14)
  15 ugly things
  A necromancer (Depths:1)
  4 orc sorcerers
  A stone giant zombie (Depths:1)
  10 moths of wrath
  11 cyclopes
  14 manticores
  4 salamanders
  Maurice (D:8)
  14 fauns
  9 kobold blastminers (Orc:2)
  14 elephants
  19 black mambas
  An iron dragon skeleton (Depths:1)
  3 water nymphs
  7 guardian serpents (Snake:4)
  2 smoke demons (Depths:1)
  15 merfolk sirens
  2 gargoyles
  2 molten gargoyles (Volcano)
  9 naga magi
  Jeremiah (Lair:1)
  An ice statue (IceCv)
  A torpor snail (Lair:5)
  7 rime drakes
  2 unseen horrors
  7 cane toads
  7 komodo dragons
  A spectral glowing shapeshifter (Depths:3)
  Psyche (D:8)
  3 tengu conjurers
  3 trolls
  26 merfolk
  10 polar bears
  A wind drake (Shoals:3)
  2 wolf spider simulacra (D:14)
  4 hornets
  A centaur simulacrum (D:14)
  7 dream sheep
  9 snapping turtles
  23 blink frogs
  5 shadows
  16 water elementals
  12 spriggans (Lair:5)
  3 wyverns
  50 yaks
  3 fire bats
  3 vampires
  A wraith (D:12)
  7 basilisks
  5 wargs
  7 vampire mosquitoes
  A steam dragon (D:9)
  A chaos spawn (D:11)
  16 water moccasins
  A hell hound (D:13)
  2 acid dragons
  25 nagas
  An acid dragon (shapeshifter) (D:15)
  A glowing shapeshifter zombie (Depths:1)
  2 laughing skulls (D:15)
  44 orc warriors
  An ice beast (D:6)
  2 sky beasts
  7 black bears
  9 ogres
  50 wolves
  5 boggarts (Lair:5)
  A phantom (D:6)
  12 centaurs
  A kobold brigand (D:10)
  13 bullfrogs
  2 gnoll sergeants
  3 scorpions
  9 wights
  5 killer bees (D:7)
  5 electric eels
  3 howler monkeys
  A lava snake (Volcano)
  2 hounds
  30 orc priests
  2 gnoll boudas
  2 sleepcaps
  Jessica (D:2)
  7 iguanas
  24 orc wizards
  5 hell rats (Lair:3)
  2 adders (D:5)
  14 gnolls
  2 shadow imps (D:6)
  2 white imps
  A ribbon worm (D:3)
  2 dart slugs
  92 orcs
  A giant cockroach (D:1)
  8 goblins
  5 hobgoblins
  4 quokkas
  4 ball pythons
  8 bats
  4 frilled lizards
  6 kobolds
  5 rats
  13 tentacles (Shoals:3)
1203 creatures vanquished.

Vanquished Creatures (collateral kills)
  A two-headed ogre (D:6)
  Maggie (D:6)
  A komodo dragon (D:8)
  A kobold brigand (D:6)
  2 scorpions (D:8)
  An iguana (D:6)
  3 kobolds (D:6)
10 creatures vanquished.

Vanquished Creatures (others)
  A golden dragon (Zot:4)
  An acid blob (Zot:4)
  An azure jelly (Zot:4)
  A ghost moth (Zot:4)
  A black draconian (Zot:4)
  A two-headed ogre (Orc:2)
  4 glowing orange brains
  An occultist (D:15)
  A vampire mage (Depths:2)
  An orc high priest (Orc:2)
  An orc knight (Orc:2)
  A merfolk (Shoals:2)
  2 glass eyes
  Sigmund (D:2)
  3 slime creatures
  A naga (Snake:4)
  2 orc warriors
  A wolf (Lair:5)
  A centaur (D:5)
  Blork the orc (D:6)
  A bullfrog (D:6)
  A howler monkey (D:12)
  188 jellies
  An orc priest (Orc:2)
  3 sleepcaps
  3 orc wizards
  2 gnolls (D:11)
  3 adders
  A white imp (D:6)
  An endoplasm (D:4)
  8 orcs
  A goblin (D:2)
  A quokka (D:2)
  A ball python (D:2)
  2 frilled lizards
  23 tentacles (Shoals:3)
267 creatures vanquished.

Grand Total: 1480 creatures vanquished

Notes
Turn   | Place    | Note
-------+----------+-------------------------------------------
     0 | D:1      | browni3141 the Merfolk Air Elementalist began the quest for
                  | the Orb.
     0 | D:1      | Reached XP level 1. HP: 13/13 MP: 3/3
   109 | D:1      | Reached XP level 2. HP: 21/21 MP: 1/5
   971 | D:1      | Found a faded altar of an unknown god.
   974 | D:1      | Reached XP level 3. HP: 26/26 MP: 3/6
   985 | D:1      | Prayed at the altar of an unknown god.
   985 | D:1      | Became a worshipper of Jiyva Jychom the Shapeless
   985 | D:1      | Reached * piety under Jiyva
  1098 | D:1      | Reached skill level 3 in Air Magic
  1391 | D:2      | Noticed Jessica
  1394 | D:2      | Killed Jessica
  1395 | D:2      | Reached skill level 3 in Dodging
  1418 | D:2      | Reached XP level 4. HP: 32/32 MP: 5/7
  1449 | D:2      | Found Mistriexu's Antique Armour Shoppe.
  1549 | D:2      | Reached ** piety under Jiyva
  1549 | D:2      | Noticed Sigmund
  1583 | D:2      | Learned a level 2 spell: Static Discharge
  1865 | D:2      | Killed Sigmund
  1866 | D:2      | Reached skill level 3 in Stealth
  1866 | D:2      | Reached XP level 5. HP: 37/37 MP: 5/8
  2422 | D:3      | Reached *** piety under Jiyva
  2743 | D:4      | Reached XP level 6. HP: 33/43 MP: 1/9
  2756 | D:4      | Gained mutation: Your melee attacks may engulf your foes in
                  | ooze. [Jiyva's grace]
  2756 | D:4      | Gained mutation: You have a pair of small antennae on your
                  | head. [Jiyva's grace]
  2756 | D:4      | Gained mutation: You have a pair of antennae on your head.
                  | [Jiyva's grace]
  2756 | D:4      | Gained mutation: You have a pair of large antennae on your
                  | head. (SInv) [Jiyva's grace]
  2905 | D:4      | Identified the +0 robe "Supek" {-Tele Rampage rElec rPois}
  3046 | D:4      | Reached **** piety under Jiyva
  3373 | D:5      | Entered Level 5 of the Dungeon
  3426 | D:5      | Noticed a black bear
  3446 | D:5      | Killed a black bear
  3473 | D:5      | Reached skill level 3 in Shields
  3523 | D:5      | Reached XP level 7. HP: 26/48 MP: 1/11
  3789 | D:5      | Reached skill level 3 in Spellcasting
  4131 | D:5      | Reached ***** piety under Jiyva
  4407 | D:6      | Noticed Maggie
  4480 | D:6      | Reached XP level 8. HP: 50/54 MP: 8/13
  4509 | D:6      | Reached skill level 3 in Short Blades
  4562 | D:6      | Killed Maggie
  4563 | D:6      | Reached skill level 3 in Conjurations
  4618 | D:6      | Noticed a two-headed ogre
  4694 | D:6      | Reached skill level 6 in Polearms
  4756 | D:6      | Reached XP level 9. HP: 39/59 MP: 11/15
  4766 | D:6      | Killed Blork the orc
  4879 | D:6      | Killed a two-headed ogre
  4917 | D:6      | Noticed a two-headed ogre
  4943 | D:6      | Killed a two-headed ogre
  4944 | D:6      | Reached skill level 12 in Polearms
  5070 | D:7      | Found a staircase to the Ecumenical Temple.
  5075 | D:7      | Lost mutation: You have a pair of large antennae on your
                  | head. (SInv) [Jiyva's grace]
  5075 | D:7      | Gained mutation: Your rubbery body absorbs attacks. (AC +1,
                  | EV +1) [Jiyva's grace]
  5075 | D:7      | Gained mutation: Your pliable body absorbs attacks. (AC +2,
                  | EV +2) [Jiyva's grace]
  5075 | D:7      | Gained mutation: Your gelatinous body deflects attacks. (AC
                  | +3, EV +3) [Jiyva's grace]
  5075 | D:7      | Gained mutation: You have a small jelly attached to you
                  | that may absorb projectiles. [Jiyva's grace]
  5085 | Temple   | Entered the Ecumenical Temple
  5100 | D:7      | Reached skill level 6 in Dodging
  5105 | D:7      | Reached XP level 10. HP: 67/67 MP: 16/16
  5198 | D:7      | Reached skill level 3 in Fighting
  5256 | D:7      | Found a shimmering altar of Xom.
  5728 | D:8      | Noticed Psyche
  5733 | D:8      | Killed Psyche
  5758 | D:8      | Reached skill level 9 in Dodging
  5763 | D:8      | Found a staircase to the Lair.
  6107 | D:8      | Noticed Maurice
  6122 | D:8      | Maurice stole a staff of alchemy
  6124 | D:8      | Maurice stole 13 poisoned darts
  6126 | D:8      | Killed Maurice
  6127 | D:8      | Reached skill level 6 in Fighting
  6254 | D:8      | Reached XP level 11. HP: 81/81 MP: 17/17
  6499 | D:9      | Found a hide-covered altar of Uskayaw.
  6536 | D:9      | Lost mutation: Your gelatinous body deflects attacks. (AC
                  | +3, EV +3) [Jiyva's grace]
  6536 | D:9      | Lost mutation: Your melee attacks may engulf your foes in
                  | ooze. [Jiyva's grace]
  6536 | D:9      | Gained mutation: You are somewhat resistant to further
                  | mutation. [Jiyva's grace]
  6536 | D:9      | Gained mutation: You are somewhat resistant to both further
                  | mutation and mutation removal. [Jiyva's grace]
  6536 | D:9      | Gained mutation: You are almost entirely resistant to
                  | further mutation and mutation removal. [Jiyva's grace]
  6536 | D:9      | Gained mutation: Your melee attacks may engulf your foes in
                  | ooze. [Jiyva's grace]
  6706 | D:9      | Reached ****** piety under Jiyva
  6878 | D:9      | Reached skill level 12 in Dodging
  7179 | D:10     | Entered Level 10 of the Dungeon
  7359 | D:10     | Found a staircase to the Orcish Mines.
  7572 | D:10     | Reached skill level 3 in Evocations
  7732 | D:10     | Noticed a two-headed ogre
  7735 | D:10     | Noticed a two-headed ogre
  7741 | D:10     | Killed a two-headed ogre
  7755 | D:10     | Killed a two-headed ogre
  7839 | D:10     | Identified the +4 rapier of Amorality {protect, ^Fragile
                  | rPois Int+3 Dex+5}
  8045 | D:11     | Found a shimmering blue altar of Sif Muna.
  8079 | D:11     | Lost mutation: You are almost entirely resistant to further
                  | mutation and mutation removal. [Jiyva's grace]
  8079 | D:11     | Lost mutation: You have a small jelly attached to you that
                  | may absorb projectiles. [Jiyva's grace]
  8079 | D:11     | Gained mutation: You have acidic saliva. [Jiyva's grace]
  8079 | D:11     | Gained mutation: Your muscles are strong. (Str +4, Int/Dex
                  | -1) [Jiyva's grace]
  8079 | D:11     | Gained mutation: Your muscles are very strong. (Str +8,
                  | Int/Dex -2) [Jiyva's grace]
  8079 | D:11     | Gained mutation: You have sharp fingernails. [Jiyva's
                  | grace]
  8105 | D:11     | Noticed a manticore
  8130 | D:11     | Reached skill level 9 in Fighting
  8156 | D:11     | Noticed a skeletal warrior
  8241 | Lair:1   | Entered Level 1 of the Lair of Beasts
  8242 | Lair:1   | You fall into a shaft and drop 1 floor!
  8272 | Lair:2   | Reached XP level 12. HP: 78/98 MP: 18/18
  8625 | Lair:2   | Found a staircase to the Snake Pit.
  8750 | Lair:2   | Reached skill level 12 in Fighting
  8907 | Lair:2   | Reached skill level 6 in Evocations
  9180 | Lair:1   | Noticed Jeremiah
  9232 | Lair:1   | Killed Jeremiah
  9424 | Lair:1   | Identified the +2 whip of Shame {drain, rCorr Int+8}
  9581 | Lair:1   | Reached skill level 9 in Evocations
 10033 | Lair:3   | Reached XP level 13. HP: 108/108 MP: 19/19
 10137 | Lair:3   | Found a staircase to the Shoals.
 10340 | Lair:3   | Found a broken altar of Ashenzari.
 10395 | Lair:3   | Lost mutation: You have a pair of antennae on your head.
                  | [Jiyva's grace]
 10395 | Lair:3   | Lost mutation: You have sharp fingernails. [Jiyva's grace]
 10395 | Lair:3   | Lost mutation: Your pliable body absorbs attacks. (AC +2,
                  | EV +2) [Jiyva's grace]
 10395 | Lair:3   | Gained mutation: You have a somewhat thin skeletal
                  | structure. (Dex +2, Stealth+) [Jiyva's grace]
 10395 | Lair:3   | Gained mutation: You have a moderately thin skeletal
                  | structure. (Dex +4, Stealth++) [Jiyva's grace]
 10395 | Lair:3   | Gained mutation: You have an unnaturally thin skeletal
                  | structure. (Dex +6, Stealth+++) [Jiyva's grace]
 10395 | Lair:3   | Gained mutation: You have supernaturally acute eyesight.
                  | (SInv) [Jiyva's grace]
 10877 | Lair:4   | Found a viscous altar of Jiyva.
 10878 | Lair:4   | Found a staircase to the Slime Pits.
 10999 | Lair:4   | Reached skill level 12 in Evocations
 11910 | Lair:5   | Entered Level 5 of the Lair of Beasts
 11916 | Lair:5   | Reached skill level 6 in Shields
 11971 | Lair:5   | Reached skill level 6 in Stealth
 12157 | Lair:5   | Reached XP level 14. HP: 108/115 MP: 20/20
 12399 | Lair:5   | Lost mutation: You have supernaturally acute eyesight.
                  | (SInv) [Jiyva's grace]
 12399 | Lair:5   | Lost mutation: Your muscles are very strong. (Str +8,
                  | Int/Dex -2) [Jiyva's grace]
 12399 | Lair:5   | Lost mutation: Your muscles are strong. (Str +4, Int/Dex
                  | -1) [Jiyva's grace]
 12399 | Lair:5   | Lost mutation: You have acidic saliva. [Jiyva's grace]
 12399 | Lair:5   | Lost mutation: Your rubbery body absorbs attacks. (AC +1,
                  | EV +1) [Jiyva's grace]
 12399 | Lair:5   | Gained mutation: Armour fits poorly on your pseudopods.
                  | [Jiyva's grace]
 12399 | Lair:5   | Gained mutation: Armour fits poorly on your large
                  | pseudopods. [Jiyva's grace]
 12399 | Lair:5   | Gained mutation: Armour fits poorly on your massive
                  | pseudopods. [Jiyva's grace]
 12399 | Lair:5   | Gained mutation: You are resistant to electric shocks.
                  | (rElec) [Jiyva's grace]
 12452 | Lair:5   | Reached skill level 9 in Stealth
 12823 | Lair:5   | Reached skill level 9 in Shields
 12950 | Lair:5   | Reached skill level 3 in Armour
 13655 | Slime:1  | Entered Level 1 of the Pits of Slime
 13655 | Slime:1  | Noticed a quicksilver ooze
 13656 | Slime:1  | Noticed an acid blob
 13665 | Slime:2  | Noticed an acid blob
 13665 | Slime:2  | Noticed an acid blob
 13689 | Slime:4  | Noticed an acid blob
 13696 | Slime:5  | Entered Level 5 of the Pits of Slime
 13696 | Slime:5  | Noticed a rockslime
 13704 | Slime:5  | Noticed an acid blob
 13708 | Slime:5  | Noticed an acid blob
 13716 | Slime:5  | Noticed an acid blob
 13718 | Slime:5  | Found a viscous altar of Jiyva.
 13722 | Slime:5  | Noticed an acid blob
 13723 | Slime:5  | Noticed an acid blob
 13723 | Slime:5  | Noticed an acid blob
 13723 | Slime:5  | Noticed a formless jellyfish
 13724 | Slime:5  | Noticed an acid blob
 13731 | Slime:5  | Got the Elucidation of the Missiles
 13733 | Slime:5  | Identified the ring of Gilamaell {rC+ EV+5 Stlth+}
 13738 | Slime:5  | Noticed the Royal Jelly
 13739 | Slime:5  | Noticed an acid blob
 13752 | Slime:5  | Noticed an acid blob
 13759 | Slime:5  | Identified the staff of Quantum Leap {rF+ rC+ Int+4 Fire
                  | Ice}
 13761 | Slime:5  | Got a slimy rune of Zot
 13763 | Slime:5  | Got a starry gem with 494 turns to spare
 13764 | Slime:5  | Identified the +2 battleaxe of Iblorr {protect, rCorr MP-9
                  | Str+3 Dex+4}
 13770 | Slime:5  | Noticed an acid blob
 13784 | Slime:5  | Noticed an acid blob
 13787 | Slime:5  | Noticed a quicksilver ooze
 13879 | Slime:5  | Got the Papyrus of the Ill-fated Excursion
 13881 | Slime:5  | Got the Octavo of Dark Acts and Hexes
 13970 | Slime:5  | Noticed a rockslime
 13989 | Slime:5  | Noticed an azure jelly
 14005 | Slime:5  | Noticed a quicksilver ooze
 14016 | Slime:5  | Noticed a formless jellyfish
 14021 | Slime:5  | Noticed an azure jelly
 14192 | Slime:3  | Noticed an acid blob
 14433 | Orc:1    | Entered Level 1 of the Orcish Mines
 14466 | Orc:1    | Noticed Gastronok
 14491 | Orc:1    | Killed Gastronok
 14680 | Orc:1    | Found a dark tunnel.
 14725 | Orc:1    | Found a frozen archway.
 14790 | Volcano  | Entered a volcano
 14872 | Volcano  | Found a bloodstained altar of Trog.
 14883 | Volcano  | Paralysed by something for 4 turns
 14909 | Volcano  | Noticed a red draconian
 14924 | Volcano  | Killed a red draconian
 15024 | IceCv    | Entered an ice cave
 15085 | IceCv    | Reached XP level 15. HP: 120/120 MP: 21/21
 15093 | IceCv    | Learned a level 3 spell: Swiftness
 15098 | IceCv    | Learned a level 4 spell: Airstrike
 15199 | IceCv    | Noticed a frost giant
 15220 | IceCv    | Killed a frost giant
 15690 | Orc:2    | Entered Level 2 of the Orcish Mines
 15809 | Orc:2    | Reached skill level 12 in Stealth
 15840 | Orc:2    | Found Fiyps's Antique Armour Emporium.
 15847 | Orc:2    | Bought a glowing cloak for 262 gold pieces
 15896 | Orc:2    | Lost mutation: You have a pair of small antennae on your
                  | head. [Jiyva's grace]
 15896 | Orc:2    | Lost mutation: You have an unnaturally thin skeletal
                  | structure. (Dex +6, Stealth+++) [Jiyva's grace]
 15896 | Orc:2    | Gained mutation: You are covered in slimy tendrils that may
                  | disarm your opponents. [Jiyva's grace]
 15896 | Orc:2    | Gained mutation: Your mind is acute. (Int +4, Str/Dex -1)
                  | [Jiyva's grace]
 15896 | Orc:2    | Gained mutation: Your mind is very acute. (Int +8, Str/Dex
                  | -2) [Jiyva's grace]
 15896 | Orc:2    | Gained mutation: You have a pair of small horns on your
                  | head. [Jiyva's grace]
 16604 | Orc:2    | Found a staircase to the Elven Halls.
 16686 | Orc:2    | Found Odwoat's Armour Boutique.
 16743 | Orc:2    | Noticed Saint Roka
 17229 | Orc:2    | Reached skill level 6 in Armour
 17231 | Orc:2    | Found Xezyged's Antique Armour Shop.
 17288 | Orc:2    | Slimified Saint Roka
 17288 | Orc:2    | Saint Roka changed into Saint Roka the acid blob
 17288 | Orc:2    | Noticed Saint Roka
 17528 | Orc:2    | Found Quredd's Antique Weapon Shoppe.
 17758 | Orc:2    | Bought a pair of glowing gloves for 202 gold pieces
 17804 | Orc:2    | Bought a +0 kite shield for 76 gold pieces
 18008 | Orc:2    | Bought the +3 scale mail of Elyvilon's Esteem {Str+6 Dex-2}
                  | for 584 gold pieces
 18744 | D:11     | Reached skill level 12 in Shields
 19142 | D:12     | Lost mutation: Your mind is very acute. (Int +8, Str/Dex
                  | -2) [Jiyva's grace]
 19142 | D:12     | Lost mutation: Armour fits poorly on your massive
                  | pseudopods. [Jiyva's grace]
 19142 | D:12     | Gained mutation: You have a small jelly attached to you
                  | that may absorb projectiles. [Jiyva's grace]
 19142 | D:12     | Gained mutation: You have a pair of horns on your head.
                  | [Jiyva's grace]
 19142 | D:12     | Gained mutation: You have a pair of large horns on your
                  | head. [Jiyva's grace]
 19142 | D:12     | Gained mutation: You are covered in fur. (AC +1) [Jiyva's
                  | grace]
 19622 | D:13     | Found a sacrificial altar of Ru.
 19639 | D:13     | Found Athodghas's Distillery.
 19671 | D:13     | Found Pida's Antique Weapon Shoppe.
 19720 | D:13     | Found Rogodd's Book Shop.
 19729 | D:13     | Found Atuagoank's Distillery.
 19753 | D:13     | Found a transporter.
 19755 | D:13     | Found Sappuora's Book Boutique.
 19772 | D:13     | Reached XP level 16. HP: 127/127 MP: 22/22
 19781 | D:13     | Found a transporter.
 19927 | D:13     | Found a gate to the Vaults.
 20192 | D:14     | Found a bloodstained altar of Trog.
 20284 | D:14     | Got Ileigg's Tome of Molten Reformation
 20497 | D:14     | Lost mutation: You have a pair of large horns on your head.
                  | [Jiyva's grace]
 20497 | D:14     | Lost mutation: You have a moderately thin skeletal
                  | structure. (Dex +4, Stealth++) [Jiyva's grace]
 20497 | D:14     | Lost mutation: You are somewhat resistant to both further
                  | mutation and mutation removal. [Jiyva's grace]
 20497 | D:14     | Lost mutation: You are resistant to electric shocks.
                  | (rElec) [Jiyva's grace]
 20497 | D:14     | Lost mutation: Armour fits poorly on your large pseudopods.
                  | [Jiyva's grace]
 20497 | D:14     | Lost mutation: You have a small jelly attached to you that
                  | may absorb projectiles. [Jiyva's grace]
 20497 | D:14     | Gained mutation: You are robust. (+10% HP) [Jiyva's grace]
 20497 | D:14     | Gained mutation: You are very robust. (+20% HP) [Jiyva's
                  | grace]
 20497 | D:14     | Gained mutation: You are extremely robust. (+30% HP)
                  | [Jiyva's grace]
 20497 | D:14     | Gained mutation: Your muscles are strong. (Str +4, Int/Dex
                  | -1) [Jiyva's grace]
 20702 | D:14     | Reached skill level 9 in Armour
 20791 | D:14     | Found an iron altar of Okawaru.
 20835 | D:15     | Entered Level 15 of the Dungeon
 20835 | D:15     | Noticed Rupert
 20908 | D:15     | Killed Rupert
 21142 | D:15     | Identified the +1 cloak of Bad Feelings {Dex+3}
 21691 | D:15     | Found a staircase to the Depths.
 21863 | Depths:1 | Entered Level 1 of the Depths
 21984 | Depths:1 | Found a white marble altar of Elyvilon.
 22113 | Depths:1 | Found a basalt altar of Yredelemnul.
 22364 | Depths:1 | Found a gateway to Hell.
 22662 | Depths:1 | Noticed a daeva
 22694 | Depths:1 | Found a one-way gateway to a ziggurat.
 22694 | Depths:1 | Noticed a daeva
 22804 | Depths:1 | Reached XP level 17. HP: 148/172 MP: 22/23
 22992 | Depths:2 | Lost mutation: You are extremely robust. (+30% HP) [Jiyva's
                  | grace]
 22992 | Depths:2 | Lost mutation: Armour fits poorly on your pseudopods.
                  | [Jiyva's grace]
 22992 | Depths:2 | Lost mutation: Your melee attacks may engulf your foes in
                  | ooze. [Jiyva's grace]
 22992 | Depths:2 | Gained mutation: You have an increased reservoir of magic.
                  | (+10% MP) [Jiyva's grace]
 22992 | Depths:2 | Gained mutation: You have a considerably increased
                  | reservoir of magic. (+20% MP) [Jiyva's grace]
 22992 | Depths:2 | Gained mutation: You have a greatly increased reservoir of
                  | magic. (+30% MP) [Jiyva's grace]
 22992 | Depths:2 | Lost mutation: You are somewhat resistant to further
                  | mutation. [Jiyva's grace]
 22992 | Depths:2 | Gained mutation: You have hidden genetic potential.
                  | [Jiyva's grace]
 23014 | Depths:1 | Reached skill level 12 in Armour
 23228 | Depths:2 | Found a one-way gate leading to the halls of Pandemonium.
 23314 | Depths:2 | Found Tyikheg's Book Boutique.
 23314 | Depths:2 | Found Cuxezol's Jewellery Shoppe.
 23315 | Depths:2 | Found Baifyij's Book Boutique.
 23404 | Depths:2 | Reached skill level 6 in Air Magic
 23431 | Depths:2 | Noticed a sphinx
 23445 | Depths:2 | Killed a sphinx
 23506 | Depths:2 | Noticed a sphinx
 23512 | Depths:2 | Killed a sphinx
 23593 | Depths:2 | Reached skill level 6 in Spellcasting
 23626 | Depths:2 | Noticed a lich
 23634 | Depths:2 | Killed a lich
 23863 | Depths:2 | Noticed a titan
 23868 | Depths:2 | Noticed an Ice Fiend
 24271 | Shoals:1 | Entered Level 1 of the Shoals
 24333 | Shoals:2 | Identified the +6 chain mail "Irriceze" {rPois Dex+3 SInv}
 24644 | Shoals:3 | Noticed a kraken
 24644 | Shoals:3 | Noticed a kraken
 24644 | Shoals:3 | Noticed a kraken
 24644 | Shoals:3 | Noticed a kraken
 24680 | Shoals:3 | Killed a kraken
 24713 | Shoals:3 | Killed a kraken
 24764 | Shoals:3 | Killed a kraken
 24811 | Shoals:3 | Killed a kraken
 24842 | Shoals:3 | Noticed Polyphemus
 25370 | Shoals:3 | Killed Polyphemus
 25464 | Shoals:3 | Found Taymuem's Antique Armour Shoppe.
 25500 | Shoals:3 | Reached XP level 18. HP: 168/168 MP: 39/39
 25604 | Shoals:4 | Entered Level 4 of the Shoals
 25615 | Shoals:4 | Noticed Ilsuiw
 25635 | Shoals:3 | Gained mutation: You are extremely robust. (+30% HP)
                  | [hidden potential]
 25744 | Shoals:3 | Killed Ilsuiw
 25845 | Shoals:4 | Reached skill level 9 in Spellcasting
 25898 | Shoals:4 | Reached skill level 9 in Air Magic
 25972 | Shoals:4 | Lost mutation: You have a somewhat thin skeletal structure.
                  | (Dex +2, Stealth+) [Jiyva's grace]
 25972 | Shoals:4 | Lost mutation: You have a greatly increased reservoir of
                  | magic. (+30% MP) [Jiyva's grace]
 25972 | Shoals:4 | Lost mutation: You are covered in slimy tendrils that may
                  | disarm your opponents. [Jiyva's grace]
 25972 | Shoals:4 | Gained mutation: Your melee attacks may engulf your foes in
                  | ooze. [Jiyva's grace]
 25972 | Shoals:4 | Gained mutation: Your system is resistant to poisons.
                  | (rPois) [Jiyva's grace]
 25972 | Shoals:4 | Gained mutation: You possess an exceptional clarity of
                  | mind. [Jiyva's grace]
 25972 | Shoals:4 | Gained mutation: You expend magic power (3 MP) to
                  | strengthen your wands. [Jiyva's grace]
 26067 | Shoals:4 | Got the Codex of Metamorphic Mud
 26464 | Shoals:4 | Got a barnacled rune of Zot
 26466 | Shoals:4 | Got an azure gem with 87 turns to spare
 26942 | Shoals:4 | Identified a scroll of acquirement
 27400 | Shoals:2 | You fall into a shaft and drop 1 floor!
 27832 | Shoals:1 | Lost mutation: Your system is resistant to poisons. (rPois)
                  | [Jiyva's grace]
 27832 | Shoals:1 | Lost mutation: You are extremely robust. (+30% HP) [Jiyva's
                  | grace]
 27832 | Shoals:1 | Lost mutation: You are very robust. (+20% HP) [Jiyva's
                  | grace]
 27832 | Shoals:1 | Lost mutation: You have hidden genetic potential. [Jiyva's
                  | grace]
 27832 | Shoals:1 | Gained mutation: You have a small jelly attached to you
                  | that may absorb projectiles. [Jiyva's grace]
 27832 | Shoals:1 | Gained mutation: Your flesh is cold resistant. (rC+)
                  | [Jiyva's grace]
 27832 | Shoals:1 | Gained mutation: Your flesh is very cold resistant. (rC++)
                  | [Jiyva's grace]
 27832 | Shoals:1 | Gained mutation: Your flesh is almost immune to the effects
                  | of cold. (rC+++) [Jiyva's grace]
 27919 | Shoals:1 | Identified the +0 orcbow "Hyseqeta" {heavy, rC++ rN++
                  | Stlth+}
 28538 | D:13     | Bought a potion of invisibility for 120 gold pieces
 28538 | D:13     | Bought a potion of haste for 150 gold pieces
 28538 | D:13     | Bought a potion of heal wounds for 75 gold pieces
 28545 | D:13     | Bought a book of Spatial Translocations for 234 gold pieces
 28545 | D:13     | Bought a book of Party Tricks for 286 gold pieces
 28547 | D:13     | Learned a level 1 spell: Apportation
 28550 | D:13     | Learned a level 2 spell: Blink
 28740 | Snake:1  | Entered Level 1 of the Snake Pit
 28959 | Snake:2  | Reached XP level 19. HP: 160/160 MP: 41/41
 29112 | Snake:3  | Found a sparkling altar of Nemelex Xobeh.
 29228 | Snake:4  | Entered Level 4 of the Snake Pit
 29478 | Snake:4  | Found a hazy altar of Hepliaklqana.
 29603 | Snake:4  | Identified the serpent talisman "Ydi Awihant" {rElec}
 29603 | Snake:4  | Noticed Aizul
 29616 | Snake:4  | Killed Aizul
 29692 | Snake:4  | Reached skill level 3 in Translocations
 30440 | Snake:4  | Noticed Agnes
 30446 | Snake:4  | Reached skill level 12 in Spellcasting
 30461 | Snake:4  | Killed Agnes
 30810 | Snake:4  | Got a serpentine rune of Zot
 30813 | Snake:4  | Got a jade gem with 398 turns to spare
 31001 | Snake:1  | Found Giegaoma's Antique Armour Shoppe.
 31010 | Snake:1  | Reached skill level 12 in Air Magic
 31254 | D:13     | Bought a potion of resistance for 170 gold pieces
 31259 | D:13     | Acquired the +2 cloak "Geeps" {Regen+}
 31637 | Depths:3 | Reached skill level 6 in Translocations
 31669 | Depths:3 | Lost mutation: You possess an exceptional clarity of mind.
                  | [Jiyva's grace]
 31669 | Depths:3 | Lost mutation: Your muscles are strong. (Str +4, Int/Dex
                  | -1) [Jiyva's grace]
 31669 | Depths:3 | Gained mutation: You have hidden genetic potential.
                  | [Jiyva's grace]
 31669 | Depths:3 | Gained mutation: You have great hidden genetic potential.
                  | [Jiyva's grace]
 31669 | Depths:3 | Gained mutation: Your translucent skin slightly reduces
                  | your foes' accuracy. (Stealth+) [Jiyva's grace]
 31669 | Depths:3 | Gained mutation: Your translucent skin reduces your foes'
                  | accuracy. (Stealth+) [Jiyva's grace]
 31717 | Depths:4 | Entered Level 4 of the Depths
 31781 | Depths:4 | Noticed Vv
 31905 | Depths:4 | Found a gate to the Realm of Zot.
 31974 | Depths:4 | Got a midnight gem with 405 turns to spare
 31989 | Zot:1    | Entered Level 1 of the Realm of Zot
 32005 | Zot:1    | Reached XP level 20. HP: 122/153 MP: 39/43
 32018 | Zot:1    | Noticed a golden dragon
 32036 | Zot:1    | Killed a golden dragon
 32050 | Zot:1    | Reached skill level 9 in Translocations
 32475 | Zot:4    | Noticed a golden dragon
 32483 | Zot:4    | Killed a golden dragon
 32532 | Zot:4    | Noticed a golden dragon
 32533 | Zot:4    | Killed a golden dragon
 32584 | Zot:4    | Noticed a golden dragon
 32625 | Zot:4    | Killed a golden dragon
 32677 | Zot:5    | Entered Level 5 of the Realm of Zot
 32705 | Zot:5    | Lost mutation: Your flesh is almost immune to the effects
                  | of cold. (rC+++) [potion of mutation]
 32705 | Zot:5    | Lost mutation: You are covered in fur. (AC +1) [potion of
                  | mutation]
 32705 | Zot:5    | Lost mutation: Your translucent skin reduces your foes'
                  | accuracy. (Stealth+) [potion of mutation]
 32871 | Zot:5    | Noticed a Killer Klown
 32908 | Zot:5    | Killed a Killer Klown
 32910 | Zot:5    | Got a prismatic gem with 100 turns to spare
 32988 | Zot:5    | Reached skill level 12 in Translocations
 33587 | Zot:4    | Found the +4 dragonskin cloak
 33587 | Zot:4    | Noticed Tiamat
 33714 | Zot:4    | Reached skill level 3 in Invocations
 33777 | Zot:5    | Noticed a Killer Klown
 33809 | Zot:5    | Killed a Killer Klown
 33952 | Zot:5    | Noticed a Killer Klown
 33974 | Zot:5    | Killed a Killer Klown
 34004 | Zot:5    | Noticed an ancient lich
 34065 | Zot:5    | Killed an ancient lich
 34066 | Zot:5    | Reached skill level 6 in Invocations
 34066 | Zot:5    | Reached XP level 21. HP: 87/171 MP: 30/44
 34105 | Zot:5    | Noticed a dread lich
 34115 | Zot:5    | Killed a dread lich
 34123 | Zot:5    | Noticed a Killer Klown
 34149 | Zot:5    | Killed a Killer Klown
 34241 | Zot:5    | Noticed a dread lich
 34462 | Zot:5    | Noticed a Killer Klown
 34496 | Zot:5    | Killed a Killer Klown
 34965 | Zot:5    | Gained mutation: You are weak. (Str -2) [mutagenic glow]
 34973 | Zot:5    | Gained mutation: You are occasionally teleported next to
                  | monsters. [mutagenic glow]
 34974 | Zot:5    | Lost mutation: You expend magic power (3 MP) to strengthen
                  | your wands. [potion of mutation]
 34974 | Zot:5    | Lost mutation: You are weak. (Str -2) [potion of mutation]
 34974 | Zot:5    | Lost mutation: Your flesh is very cold resistant. (rC++)
                  | [potion of mutation]
 34974 | Zot:5    | Lost mutation: You have great hidden genetic potential.
                  | [potion of mutation]
 34974 | Zot:5    | Gained mutation: You have very sharp teeth. [potion of
                  | mutation]
 34975 | Zot:5    | Lost mutation: You have very sharp teeth. [potion of
                  | mutation]
 34975 | Zot:5    | Lost mutation: You are occasionally teleported next to
                  | monsters. [potion of mutation]
 34975 | Zot:5    | Lost mutation: Your translucent skin slightly reduces your
                  | foes' accuracy. (Stealth+) [potion of mutation]
 34975 | Zot:5    | Lost mutation: You have a small jelly attached to you that
                  | may absorb projectiles. [potion of mutation]
 34975 | Zot:5    | Lost mutation: You have hidden genetic potential. [potion
                  | of mutation]
 34975 | Zot:5    | Gained mutation: You are weak. (Str -2) [potion of
                  | mutation]
 34975 | Zot:5    | Gained mutation: You have a somewhat thin skeletal
                  | structure. (Dex +2, Stealth+) [potion of mutation]
 35388 | Zot:5    | Noticed a Killer Klown
 35410 | Zot:5    | Killed a Killer Klown
 35411 | Zot:5    | Reached skill level 9 in Invocations
 36058 | Zot:5    | Noticed a dread lich
 36133 | Zot:5    | Killed a dread lich
 36207 | Zot:5    | Noticed an orb of fire
 36568 | Zot:5    | Noticed an orb of fire
 36623 | Zot:5    | Killed an orb of fire
 36858 | Zot:4    | Killed a dread lich
 37021 | Zot:5    | Learned a level 2 spell: Lesser Beckoning
 37153 | Zot:5    | Noticed an ancient lich
 37298 | Zot:5    | Killed an ancient lich
 37663 | Zot:5    | Noticed a dread lich
 37719 | Zot:5    | Gained mutation: You occasionally lose the ability to drink
                  | potions when taking damage. [an orb of fire]
 37721 | Zot:5    | Lost mutation: You have a somewhat thin skeletal structure.
                  | (Dex +2, Stealth+) [an orb of fire]
 37734 | Zot:5    | Lost mutation: You have a considerably increased reservoir
                  | of magic. (+20% MP) [an orb of fire]
 37751 | Zot:5    | Gained mutation: You sometimes lose your temper in combat.
                  | [an orb of fire]
 37758 | Zot:5    | Gained mutation: You are vulnerable to heat. (rF-) [an orb
                  | of fire]
 37767 | Zot:5    | Killed an orb of fire
 37800 | Zot:5    | Lost mutation: You have an increased reservoir of magic.
                  | (+10% MP) [potion of mutation]
 37800 | Zot:5    | Lost mutation: You are weak. (Str -2) [potion of mutation]
 37800 | Zot:5    | Lost mutation: Your melee attacks may engulf your foes in
                  | ooze. [potion of mutation]
 37800 | Zot:5    | Gained mutation: You do not regenerate when monsters are
                  | visible. [potion of mutation]
 37800 | Zot:5    | Lost mutation: Your flesh is cold resistant. (rC+) [potion
                  | of mutation]
 38259 | Zot:5    | Noticed an orb of fire
 38264 | Zot:5    | Gained mutation: Your magical capacity is low. (-10% MP)
                  | [an orb of fire]
 38280 | Zot:5    | Lost mutation: Your mind is acute. (Int +4, Str/Dex -1) [an
                  | orb of fire]
 38293 | Zot:5    | Killed an orb of fire
 38294 | Zot:5    | Reached skill level 12 in Invocations
 38513 | Zot:5    | Got the Orb of Zot
 38513 | Zot:5    | Noticed an orb of fire
 38985 | D:5      | Noticed Sauruong the pandemonium lord
 39081 | D:$      | Escaped with the Orb!

Illustrated notes

Levels and vault maps discovered:
D:1:      moated_graveyard_arrival, layout_basic,
          hellmonk_ecumenical_altar_blasted, chequers_serial_rivers_large_b,
          nicolae_grassy_gnolls
D:2:      layout_basic, serial_shops, shop, minmay_misc_feat_four_crosses,
          minmay_misc_feat_chi, uniq_sigmund, uniq_jessica
D:3:      layout_basic, minmay_misc_feat_rugged, roderic_lattice_a
D:4:      layout_loops_ring, serial_bayou_pond_a, minmay_misc_feat_five,
          st_stairs_3
D:5:      layout_loops_corners
D:6:      layout_rooms, grunt_ministairs_4, hangedman_minor_gate_pass,
          uniq_blork_the_orc, uniq_maggie
D:7:      layout_loops_ring, regret_index_xom_of_box,
          minmay_temple_entry_offerings, hangedman_abyss_or_decor_lesser_grid
D:8:      layout_basic, due_lair_maze_entry_diamond, uniq_maurice, uniq_psyche
D:9:      layout_loops_ring, nicolae_uskayaw_dance_hall
D:10:     layout_stronghold, minmay_orc_entry_temple_small, minmay_circle_x
D:11:     minmay_mutant_horseshoe, layout_stronghold, minmay_curled_crystal,
          minivault_23, nicolae_sif_muna_condensation
D:12:     layout_basic
D:13:     layout_cross, david_vaults_5, serial_shops,
          nicolae_inconvenience_store, shop, nicolae_shop_tiny_waterfront,
          nicolae_shop_rolling_square, nicolae_shop_drivethru,
          nicolae_ru_the_path_less_chosen
D:14:     layout_irregular_city, trog_three_pillars_becter,
          okawaru_altar_gauntlet_db
D:15:     hellmonk_depths_entry_around_the_bend, layout_basic,
          nicolae_the_louvre, serial_bayou_ford_a, uniq_rupert
Temple:   nicolae_temple_slightly_damp_pantheon
Lair:1:   layout_gridlike, minivault_11, serial_bayou_pond_e, st_stairs_8,
          infiniplex_staircase_pool, uniq_jeremiah
Lair:2:   layout_misc_corridors, nicolae_snake_entry_squirm,
          serial_bayou_shore_a
Lair:3:   layout_small_grid, minmay_shoals_entry_lonely_mermaid, basic_altar
Lair:4:   layout_cave_pods, slime_entry_1, serial_bayou_shore_b
Lair:5:   minmay_lair_end_enchanted_forest, layout_gridlike,
          chequers_serial_rivers_micro_a, minivault_25
Shoals:1: layout_shoals
Shoals:2: layout_shoals, hangedman_shoal_volcano
Shoals:3: layout_shoals, serial_shops, shop, nicolae_shoals_kraken_party,
          uniq_polyphemus
Shoals:4: shoals_end_simple, layout_shoals, shoals_ilsuiw_alternative
Snake:1:  nicolae_snake_nest, layout_chambers, serial_shops, shop
Snake:2:  layout_gridlike, nicolae_fountain_basement, uniq_vashnia
Snake:3:  layout_grid_maze, special_room, serial_shops, shop_statue,
          basic_altar, minmay_shoptagon
Snake:4:  grunt_snake_rune_pools, layout_layer_cave, basic_altar,
          grunt_ministairs_6, uniq_aizul, uniq_agnes, uniq_saint_roka
Slime:1:  cheibrodos_slime_lost_civilization_10, layout_caves,
          nicolae_slime_getting_an_eyeful
Slime:2:  layout_caves
Slime:3:  cheibrodos_slime_lost_civilization_3, layout_caves
Slime:4:  layout_caves, cheibrodos_slime_lost_civilization_5
Slime:5:  slime_pit_nicolae_trefoil
Orc:1:    layout_diamond_mine, portal_ice_cave_entry_pillars_2,
          lightli_volcano_entry_magma_tube, uniq_gastronok
Orc:2:    pubby_orc_utopia
Depths:1: layout_gridlike, enter_ziggurat_c, hellmouth_3,
          yredelemnul_altar_generic, elyvilon_altar_5
Depths:2: dreamdust_isle_of_ice, layout_twisted_cross, nicolae_wwwww, pan_entry,
          pf_hell_entry_tar_river, minmay_shop_grove
Depths:3: lemuel_river_lethe, pan_entry, hell_entry, abyss_entry
Depths:4: grunt_twist_and_shout, layout_cave_pools, minmay_misc_feat_plants,
          hellmouth_1, uniq_margery, uniq_vv
Zot:1:    hellmonk_paralyzer, layout_twisted_circle, regret_index_zotdec_ex,
          st_stairs_6, grunt_ministairs_15, hangedman_zot_decor_unnerving_road,
          st_single_dragon_hoard_1, hangedman_elemental_grid_stream
Zot:2:    layout_gridlike
Zot:3:    layout_misc_corridors, bh_zot_ikea_curve,
          regret_index_zotdec_storm_pass, hangedman_hellfire_club
Zot:4:    layout_concentric_octagons, hangedman_zot_decor_scrapings, uniq_tiamat
Zot:5:    layout_basic

Skill      XL: |  1  2  3  4  5  6  7  8  9 10 11 12 13 14 15 16 17 18 19 20 21 |
---------------+----------------------------------------------------------------+-----
Fighting       | 1 2 6 10 12 | 12.0
Conjurations   | 1 2 3 |  3.3
Ranged Weapons | 1 |  1.0
Air Magic      | 3 5 8 10 12 | 12.0
Dodging        | 3 4 5 6 11 12 | 12.0
Stealth        | 3 4 8 11 12 | 12.0
Shields        | 1 2 3 4 5 7 10 12 | 12.0
Spellcasting   | 3 4 8 11 12 | 12.0
Short Blades   | 2 3 |  3.0
Polearms       | 7 12 | 12.0
Evocations     | 5 10 12 | 12.0
Armour         | 4 7 11 12 | 12.0
Translocations | 1 8 12 | 12.0
Invocations    | 6 12 | 12.1

Action                     |  1- 3 |  4- 6 |  7- 9 | 10-12 | 13-15 | 16-18 | 19-21 || total
---------------------------+-------+-------+-------+-------+-------+-------+-------++-------
  Melee: Unarmed           |    14 |       |       |       |       |       |       ||    14
         Dagger            |       |       |    35 |       |       |       |       ||    35
         Lance             |       |       |    69 |   756 |  1595 |  1935 |  1527 ||  5882
         Bite              |       |       |       |    44 |    57 |       |       ||   101
         Pseudopods        |       |       |       |       |   272 |   131 |       ||   403
         Headbutt          |       |       |       |       |    94 |   345 |   342 ||   781
         Tailslap          |       |       |       |       |     8 |    79 |     9 ||    96
   Fire: Sling             |    13 |       |       |       |       |       |       ||    13
   Cast: Shock             |    52 |   100 |    66 |     2 |    28 |       |       ||   248
         Static Discharge  |       |    18 |    34 |       |       |       |       ||    52
         Airstrike         |       |       |       |       |     7 |    97 |   122 ||   226
         Blink             |       |       |       |       |       |       |     1 ||     1
         Apportation       |       |       |       |       |       |       |    34 ||    34
         Swiftness         |       |       |       |       |       |       |     1 ||     1
 Invoke: Oozemancy         |       |       |       |     3 |     5 |     3 |     9 ||    20
         Slimify           |       |       |       |       |     1 |       |     4 ||     5
  Evoke: Tin of tremorston |       |       |       |     2 |     7 |     4 |     3 ||    16
         Wand              |       |       |       |     1 |    11 |     9 |    28 ||    49
         Phial of floods   |       |       |       |       |     1 |       |     1 ||     2
         Sack of spiders   |       |       |       |       |       |       |     4 ||     4
    Use: Scroll            |       |       |       |       |       |    14 |    28 ||    42
         Potion            |       |       |       |       |       |       |    27 ||    27
   Stab: Sleeping          |       |       |     1 |    12 |    44 |    31 |     4 ||    92
         Distracted        |       |       |     1 |       |    12 |     7 |     5 ||    25
         Invisible         |       |       |       |       |     6 |       |     6 ||    12
 Armour: Robe              |    20 |    23 |    80 |       |       |       |       ||   123
         Steam dragon scal |       |       |    31 |   170 |   292 |       |       ||   493
         Scale mail        |       |       |       |       |    46 |   226 |       ||   272
         Chain mail        |       |       |       |       |       |   385 |   563 ||   948
         Storm dragon scal |       |       |       |       |       |       |   521 ||   521
  Dodge: Dodged            |    21 |    24 |    74 |   313 |   671 |   676 |   559 ||  2338
  Block: Buckler           |       |     6 |    33 |    92 |   264 |       |       ||   395
         Kite shield       |       |       |       |       |    40 |   726 |   591 ||  1357
